 Dungeon Crawl Stone Soup version 0.29.1-1-gd02db6906a (webtiles) character file.

Game seed: 6569218616228899495

26 NullDivider the Sneak (level 3, -4/21 HPs)
             Began as an Octopode Hedge Wizard on Sept 22, 2022.
             Slain by Terence
             ... wielding a +0 mace
              (7 damage)
             ... on level 2 of the Dungeon.
             The game lasted 00:06:59 (1087 turns).

NullDivider the Sneak (Octopode Hedge Wizard)       Turns: 1087, Time: 00:07:02

Health: -4/21      AC:  1    Str:  9    XL:     3   Next: 8%
Magic:  4/7        EV: 13    Int: 16    God:
Gold:   91         SH:  0    Dex: 13    Spells: 1/8 levels left

rFire   . . .      SeeInvis .   a - +0 dagger
rCold   . . .      Faith    .   (no shield)
rNeg    . . .      Spirit   .   b - +0 hat
rPois   +          Reflect  .   (no amulet)
rElec   .          Harm     .   d - ring of poison resistance
rCorr   .          Rampage  .   (no ring)
Will    .....                   (no ring)
Stlth   +++.......              (no ring)
HPRegen 0.07/turn               (no ring)
MPRegen 0.10/turn               (no ring)
                                (no ring)
                                (no ring)

@: no status effects
A: almost no armour, amphibious, 8 rings, camouflage 1, gelatinous body 1,
(nimble swimmer 1), tentacles
a: no special abilities


You were on level 2 of the Dungeon.
You visited 1 branch of the dungeon, and saw 2 of its levels.

You collected 104 gold pieces.
You spent 13 gold pieces at shops.

Inventory:

Hand Weapons
 a - a +0 dagger (weapon)
Armour
 b - a +0 hat (worn)
Jewellery
 d - a ring of poison resistance (left tentacle)
Scrolls
 e - 2 scrolls of identify {unknown}
 f - a scroll of teleportation {unknown}
Potions
 c - a potion of magic
 g - a potion of curing {unknown}


   Skills:
 * Level 0.9 Short Blades
 + Level 2.1 Dodging
 * Level 3.2 Stealth
 * Level 3.2 Spellcasting
 - Level 1.1 Conjurations
 + Level 0.1 Hexes
 + Level 1.3 Summonings
 + Level 1.3 Translocations


You had one spell level left.
You knew the following spells:

 Your Spells              Type           Power      Damage    Failure   Level
a - Magic Dart            Conj           24%        1d4       12%         1
b - Blink                 Tloc           12%        N/A       16%         2
c - Call Imp              Summ           6%         N/A       16%         2
d - Ensorcelled Hibernat  Hex/Ice        4%         N/A       26%         2

Your spell library contained the following spells:

 Spells                   Type           Power      Damage    Failure   Level
 Slow                     Hex            8%         N/A       19%         1
 Passwall                 Tmut/Erth      1%         N/A       28%         2
 Conjure Flame            Conj/Fire      4%         6-21      41%         3
 Mephitic Cloud           Conj/Pois/Air  3%         N/A       43%         3
 Swiftness                Air            2%         N/A       50%         3


Dungeon Overview and Level Annotations

Branches:
Dungeon (2/15)

Altars:

Shops:
D:2 !

Annotations:
D:2 Terence


Innate Abilities, Weirdness & Mutations

You cannot wear most types of armour.
You are amphibious.
You can wear up to eight rings at the same time.
Your skin changes colour to match your surroundings (Stealth+).
Your rubbery body absorbs attacks. (AC +1, EV +1)
((You are camouflaged when in or above water. (Stealth+)))
You have tentacles for arms and can constrict up to eight enemies at once.


Message History

Confirm with . or Enter, or press ? or * to list all spells.
A beastly little devil appears in a puff of flame.
A rat comes into view.
The dart slug bites your crimson imp but does no damage.
Your crimson imp hits the dart slug.
The magic dart hits Terence.
Terence is lightly wounded.
Your crimson imp hits the dart slug.
You hit Terence but do no damage. You grab Terence. You squeeze Terence.
Terence is heavily wounded.
You constrict Terence. Terence hits you with a +0 mace.
You hit Terence but do no damage. You squeeze Terence, but do no damage.
Terence is heavily wounded.
You constrict Terence, but do no damage.
Terence hits you with a +0 mace.
You hit Terence but do no damage. You squeeze Terence, but do no damage.
Terence is heavily wounded.
You constrict Terence, but do no damage.
Your crimson imp hits Terence but does no damage.
Terence hits you with a +0 mace!
* * * LOW HITPOINT WARNING * * *
You hit Terence but do no damage.
Terence is heavily wounded.
You constrict Terence, but do no damage.
Your crimson imp hits Terence but does no damage.
Something bites your crimson imp but does no damage.
Terence barely misses your crimson imp. The rat barely misses your crimson imp.
You hit Terence but do no damage. You squeeze Terence.
Terence is severely wounded.
You constrict Terence.
Your crimson imp hits Terence but does no damage.
Something barely misses your crimson imp.
Terence misses you. The rat bites your crimson imp.
You hit Terence. You squeeze Terence, but do no damage.
Terence is severely wounded.
You constrict Terence.
Your crimson imp hits the rat.
The rat dies!
An endoplasm comes into view.
Terence hits you with a +0 mace!
You die...

#... .. #... ). #...
.. #... <# #...
.J#### #...
.5..####### #...
#@.......# #...
#@.......# #...
#........# ###.
#..).....########.
#.................
..........>..#######.
####.........[# ##
#........#.# #
#........#... #..
#........###.###.#


You could see Terence, an endoplasm and a friendly crimson imp (summoned).

Vanquished Creatures
  A dart slug (D:2)
  2 ball pythons
  7 bats
  An endoplasm (D:1)
  A giant cockroach (D:2)
  A kobold (D:2)
  A frilled lizard (D:1)
  4 goblins
  6 rats
24 creatures vanquished.

Vanquished Creatures (collateral kills)
  A rat (D:2)
1 creature vanquished.

Vanquished Creatures (others)
  4 toadstools (D:2)
4 creatures vanquished.

Grand Total: 29 creatures vanquished

Notes
Turn   | Place    | Note
-------+----------+-------------------------------------------
     0 | D:1      | NullDivider the Octopode Hedge Wizard began the quest for
                  | the Orb.
     0 | D:1      | Reached XP level 1. HP: 11/11 MP: 4/4
   358 | D:1      | Reached XP level 2. HP: 17/17 MP: 6/6
   850 | D:2      | Learned a level 2 spell: Blink
   853 | D:2      | Learned a level 2 spell: Call Imp
   894 | D:2      | Learned a level 2 spell: Ensorcelled Hibernation
   894 | D:2      | Found Koerchub's Distillery.
   904 | D:2      | Bought a potion of degeneration for 13 gold pieces
  1040 | D:2      | Reached XP level 3. HP: 21/21 MP: 7/7
  1075 | D:2      | Noticed Terence
  1087 | D:2      | Slain by Terence

Illustrated notes

Levels and vault maps discovered:
D:1:      erik_arrival_orb_chamber, layout_loops_ring, minivault_24
D:2:      layout_rooms, serial_shops, nicolae_shop_stone,
          minmay_gold_behind_fungi, uniq_terence

Skill      XL: |  1  2 |
---------------+-------+-----
Stealth        | 3 |  3.2
Short Blades   | |  0.9
Dodging        | |  2.1
Spellcasting   | |  3.2
Conjurations   | |  1.1
Hexes          | |  0.1
Summonings     | |  1.3
Translocations | |  1.3

Action                   || total
-------------------------++-------
Melee: Dagger            ||    35
       Constrict         ||     6
       Tentacles         ||     9
 Cast: Magic Dart        ||     4
       Call Imp          ||     1
 Stab: Sleeping          ||    14
Dodge: Dodged            ||     7
